 Seeded DCSS version 0.30-a0-739-gea05faddec (webtiles) character file.

Game seed: 5430720872467839093 (custom seed)

130 hbarley the Chopper (level 5, 47/47 HPs)
             Began as a Hill Orc Fighter on Feb 4, 2023.
             Got out of the dungeon alive.
             The game lasted 00:04:52 (1916 turns).

hbarley the Chopper (Hill Orc Fighter)              Turns: 1916, Time: 00:04:53

Health: 47/47      AC: 10    Str: 25    XL:     5   Next: 14%
Magic:  5/5        EV: 10    Int: 14    God:
Gold:   931        SH:  0    Dex:  7    Spells: 4/4 levels left

rFire   . . .      SeeInvis .    t - +2 battleaxe (venom)
rCold   . . .      Faith    .    (shield currently unavailable)
rNeg    . . .      Spirit   .    b - +0 scale mail
rPois   .          Reflect  .    (no helmet)
rElec   .          Harm     .    (no cloak)
rCorr   +          Rampage  .    u - +2 pair of gloves of Grand Curiosity {*Slow rCorr Int+6 Dex-5}
Will    .....                    (no boots) Stlth
                                 (no amulet)
HPRegen 0.27/turn                m - +6 ring of strength
MPRegen 0.09/turn                (no ring)

@: no status effects
A: no striking features
a: no special abilities


You escaped.
You visited 1 branch of the dungeon, and saw 2 of its levels.

You collected 959 gold pieces.
You spent 28 gold pieces at shops.

Inventory:

Hand Weapons
 a - a +0 war axe
 t - a +2 battleaxe of venom (weapon)
Armour
 b - a +0 scale mail (worn)
 c - a +0 buckler
 s - the +0 pair of gloves of Harhiedo {*Slow +Blink Dex+3}
   (You acquired it on level 2 of the Dungeon)

   Dex:       It affects your dexterity (+3).
   +Blink:    It lets you blink.
   *Slow:     It may slow you when you take damage.
 u - the +2 pair of gloves of Grand Curiosity (worn) {*Slow rCorr Int+6 Dex-5}
   (You acquired it on level 2 of the Dungeon)

   Int:       It affects your intelligence (+6).
   Dex:       It affects your dexterity (-5).
   rCorr:     It protects you from acid and corrosion.
   *Slow:     It may slow you when you take damage.
Jewellery
 m - a +6 ring of strength (left hand)
 q - a ring of protection from cold
Scrolls
 f - a scroll of torment {unknown}
 g - 3 scrolls of amnesia {unknown}
 h - a scroll of identify
 i - a scroll of noise {unknown}
 l - a scroll of teleportation {unknown}
 n - a scroll of brand weapon {unknown}
 o - a scroll of fog {unknown}
 p - a scroll of immolation {unknown}
 r - a scroll of enchant armour {unknown}
Potions
 d - a potion of might
 e - a potion of mutation {unknown}
 j - a potion of attraction {unknown}
 k - 2 potions of curing {unknown}


   Skills:
 + Level 4.3 Fighting
 + Level 4.8 Axes
 + Level 4.2 Armour
 + Level 0.3 Dodging
 + Level 3.6 Shields


You had 4 spell levels left.
You didn't know any spells.
Your spell library was empty.

Dungeon Overview and Level Annotations

Branches:
Dungeon (2/15)

Altars:

Shops:
D:2 ?


Message History

You continue taking off your +0 buckler. x4
You finish taking off your +0 buckler.
Your +2 battleaxe of venom begins to drip with poison!
t - a +2 battleaxe of venom (weapon)
Something appears at your feet!
u - the +2 pair of gloves of Grand Curiosity {*Slow rCorr Int+6 Dex-5} You start putting on your armour.
You continue putting on the +2 pair of gloves of Grand Curiosity {*Slow rCorr Int+6 Dex-5}. x4
You finish putting on the +2 pair of gloves of Grand Curiosity {*Slow rCorr Int+6 Dex-5}.
You feel clever.
You feel clumsy. Something appears at your feet!
You now have 931 gold pieces (gained 890).
Something appears at your feet!
s - the +0 pair of gloves of Harhiedo {*Slow +Blink Dex+3} Done exploring.
Done exploring.
You see here a +0 club.
There is a stone staircase leading up here.
You climb upwards.
There is a stone staircase leading down here.
There is an open door here.
There is an open door here.
Things that are here:
4 stones; a +0 whip You see here a +0 short sword.
There is a staircase leading out of the dungeon here.
Are you sure you want to leave the Dungeon?
This will make you lose the game!
Uppercase [Y]es or [N]o only, please.
Are you sure you want to leave the Dungeon?
This will make you lose the game!
Alright, then stay!
Unknown command.
Unknown command.
Unknown command.
Unknown command.
Unknown command.
Unknown command.
There is a staircase leading out of the dungeon here.
Are you sure you want to leave the Dungeon?
This will make you lose the game!
You have escaped!

.......##..####..# #..#.#
.......##........# #....#
.......##..#####.####..###
#########..# #....##..#
#..# #....##..# ###
#..####........# ####.#
#..............# .....#
#..........##..# #.#..#
#..####.@..##..# #.#..#
#..# #....##..# #.#..#
#..# #....##..#
#.#..####..# ###.###..#
..#....##..# #.# #..#
..#.##.##..######.###..#
.....#.##.)............#
..####.##..............#
### #.##..............#


There were no monsters in sight!

Vanquished Creatures
  A necrophage (D:2)
  3 gnolls (D:2)
  An adder (D:2)
  3 bats
  5 endoplasms
  2 hobgoblins
  4 jackals (D:1)
  5 kobolds
  2 quokkas (D:1)
  2 ball pythons (D:1)
  A frilled lizard (D:2)
  4 goblins
  A rat (D:1)
34 creatures vanquished.

Notes
Turn   | Place    | Note
-------+----------+-------------------------------------------
     0 | D:1      | hbarley the Hill Orc Fighter began the quest for the Orb.
     0 | D:1      | Reached XP level 1. HP: 19/19 MP: 1/1
    62 | D:1      | Reached XP level 2. HP: 27/27 MP: 2/2
   832 | D:1      | Reached XP level 3. HP: 33/33 MP: 3/3
  1040 | D:2      | Found Doddoiw's Magic Scroll Shoppe.
  1048 | D:2      | Bought a scroll of identify for 28 gold pieces
  1137 | D:2      | Noticed a necrophage
  1147 | D:2      | Killed a necrophage
  1148 | D:2      | Reached XP level 4. HP: 20/40 MP: 4/4
  1367 | D:2      | Reached XP level 5. HP: 25/46 MP: 5/5
  1705 | D:2      | Identified 4 scrolls of acquirement
  1706 | D:2      | Acquired a +2 battleaxe of venom
  1714 | D:2      | Acquired the +2 pair of gloves of Grand Curiosity {*Slow
                  | rCorr Int+6 Dex-5}
  1721 | D:2      | Acquired 890 gold pieces
  1723 | D:2      | Acquired the +0 pair of gloves of Harhiedo {*Slow +Blink
                  | Dex+3}
  1916 | D:$      | Got out of the dungeon alive.

Illustrated notes

Levels and vault maps discovered:
D:1:      dpeg_arrival_boxes_within_box, layout_basic
D:2:      layout_loops_ring, serial_shops, shop, nicolae_kite_square_tiling_tiny

Skill      XL: |  1  2  3 |
---------------+----------+-----
Fighting       | 4 |  4.3
Axes           | 3 4 |  4.8
Armour         | 4 |  4.2
Dodging        | |  0.3
Shields        | |  3.6

Action                     |  1- 3 |  4- 6 || total
---------------------------+-------+-------++-------
  Melee: War axe           |    51 |    27 ||    78
    Use: Scroll            |       |     5 ||     5
 Armour: Scale mail        |    18 |    15 ||    33
  Dodge: Dodged            |    15 |    17 ||    32
  Block: Buckler           |    21 |     6 ||    27

Table legend: (Time is in decaauts)
 A = Elapsed time spent in this place.
 B = Non-inter-level travel time spent in this place.
 C = Inter-level travel time spent in this place.
 D = Time resting spent in this place.
 E = Time spent auto-exploring this place.
 F = Levels seen in this place.
 G = Mean time per level.
                   A        B        C        D        E       F      G
               +--------+--------+--------+--------+--------+-----+--------+
         Total |   1943 |   1653 |    290 |      0 |   1393 |   2 |  971.5 |
       Dungeon |   1943 |   1653 |    290 |      0 |   1393 |   2 |  971.5 |
               +--------+--------+--------+--------+--------+-----+--------+

Top non-repeatable levels by time:
     D:1: 1140 daAuts
     D:2: 803 daAuts
